 Dungeon Crawl Stone Soup version 0.29-a0-323-g050149af67 (webtiles) character file.

Game seed: 17564805419456169973

243 Jortsu the Ruffian (level 5, -4/52 HPs)
             Began as a Troll Fighter on Apr 12, 2022.
             Was a Follower of Cheibriados.
             Slain by Grinder (8 damage)
             ... on level 3 of the Dungeon.
             The game lasted 00:04:48 (2263 turns).

Jortsu the Ruffian (Troll Fighter)                  Turns: 2263, Time: 00:04:48

Health: -4/52      AC:  4    Str: 27    XL:     5   Next: 82%
Magic:  4/4        EV:  9    Int:  7    God:    Cheibriados [*.....]
Gold:   261        SH:  8    Dex: 14    Spells: 4/4 levels left

rFire   . . .      SeeInvis .     - Unarmed
rCold   . . .      Faith    .   b - +0 kite shield
rNeg    . . .      Spirit   .   a - +0 robe
rPois   .          Reflect  .   (helmet restricted)
rElec   .          Harm     .   (no cloak)
rCorr   .          Rampage  .   (gloves unavailable)
Will    .....                   (boots unavailable)
Stlth   +.........              (no amulet)
HPRegen 0.97/turn               (no ring)
MPRegen 0.09/turn               (no ring)

@: mighty, very slow
A: large, unfitting armour, claws 3, regeneration 1, shaggy fur 1, tough skin 1
a: Renounce Religion, Bend Time


You were on level 3 of the Dungeon.
You worshipped Cheibriados.
Cheibriados was aware of your devotion.
You visited 1 branch of the dungeon, and saw 4 of its levels.

You collected 261 gold pieces.

Inventory:

Armour
 a - a +0 robe (worn)
 b - a +0 kite shield (worn)
Jewellery
 m - a ring of magical power
Scrolls
 k - a scroll of vulnerability {unknown}
 l - a scroll of enchant weapon
 n - a scroll of blinking {unknown}
Potions
 c - a potion of might
 d - a potion of ambrosia
 e - a potion of berserk rage {unknown}
 f - 3 potions of curing
 g - 2 potions of brilliance
 h - a potion of attraction
 i - a potion of invisibility
 j - 2 potions of resistance {unknown}


   Skills:
 + Level 2.9 Fighting
 + Level 3.6 Dodging
 + Level 0.2 Stealth
 + Level 3.3 Shields
 + Level 3.7 Unarmed Combat


You had 4 spell levels left.
You didn't know any spells.
Your spell library contained the following spells:

 Spells                   Type           Power      Damage    Failure   Level
 Blink                    Tloc           0%         N/A       86%         2
 Sublimation of Blood     Necr           0%         N/A       86%         2
 Wereblood                Tmut           0%         N/A       86%         2
 Ignite Poison            Fire/Tmut/Pois 0%         N/A       97%         3
 Lesser Beckoning         Tloc           0%         N/A       97%         3
 Mephitic Cloud           Conj/Pois/Air  0%         N/A       97%         3
 Freezing Cloud           Conj/Ice/Air   0%         6-21      100%        5
 Manifold Assault         Tloc           0%         N/A       100%        5
 Summon Hydra             Summ           0%         N/A       100%        7


Dungeon Overview and Level Annotations

Branches:
Dungeon (4/15)             Temple (0/1) D:4

Altars:
Cheibriados
Dithmenos
Hepliaklqana
Makhleb
Zin

Shops:
D:1 =

Annotations:
D:3 Grinder, Robin


Innate Abilities, Weirdness & Mutations

You are too large for most types of armour.
You have claws for hands.
Your natural rate of healing is unusually fast.
You are covered in fur. (AC +1)
You have tough skin. (AC +1)


Message History

You scratch the hobgoblin.
The hobgoblin is moderately wounded.
The hobgoblin hits you. The hobgoblin closely misses you.
You scratch the hobgoblin.
You kill the hobgoblin!
Cheibriados appreciates the change of pace.
Cheibriados raises the support of your attributes as your movement slows.
You scratch Grinder.
Grinder is lightly wounded.
The goblin no longer looks unusually strong.
Grinder hits you.
You writhe in agony.
You scratch Grinder.
Grinder is moderately wounded.
Grinder hits you.
You writhe in agony.
You closely miss Grinder.
Grinder is moderately wounded.
Grinder gestures at you.
You suddenly lose the ability to move!
Grinder hits you.
You writhe in agony.
Grinder hits you!
You writhe in agony.
Grinder hits you!
You writhe in agony.
* * * LOW HITPOINT WARNING * * *
Grinder hits you but does no damage. Grinder hits you.
* * * LOW HITPOINT WARNING * * *
You writhe in agony.
* * * LOW HITPOINT WARNING * * *
You can move again.
You feel very mighty all of a sudden. Grinder hits you.
* * * LOW HITPOINT WARNING * * *
You writhe in agony.
* * * LOW HITPOINT WARNING * * *
You barely miss Grinder.
Grinder is moderately wounded.
You block Grinder's attack.
You mangle Grinder!!
Grinder is severely wounded.
Grinder hits you!
You die...

.#.#.#.#.#.#.#..#....#..#.#..#...
..#...#...#...#.####.##.....##...
.#.#.#§#.#.#.#..# #..###'###....
#.≈.#.§§#.≈.#...# ##............
.#.#.#§#.#.#.#..# ##...#........
..#...#...#...#.# #.............
.#.#.#.#.#.#.#..# #.......#.....
#.(.#.≈.#...#..#####.......#..#.#
.#.#.#.#.#.#..##@5g#########..#..
..#...#...#..#####g# ######
#..#.#.#.#..## #.## #
##..#...#..### #gg## #
.##.......##.# #gg5# #
..###'''###..#####gg.####### ####
.........#.....#.......g...###...
......<............†.............
................_^.....###.......


You could see Grinder, a hobgoblin and a goblin.

Vanquished Creatures
  A scorpion (D:4)
  Natasha (thrice) (D:3)
  4 adders
  2 worms
  A dart slug (D:1)
  2 orcs (D:3)
  7 ball pythons
  4 endoplasms
  3 giant cockroaches
  12 goblins
  6 hobgoblins
  4 jackals (D:1)
  4 kobolds
  A quokka (D:1)
  4 bats
  6 frilled lizards
  A rat (D:1)
65 creatures vanquished.

Vanquished Creatures (others)
  A plant (D:2)
1 creature vanquished.

Grand Total: 66 creatures vanquished

Notes
Turn   | Place    | Note
-------+----------+-------------------------------------------
     0 | D:1      | Jortsu the Troll Fighter began the quest for the Orb.
     0 | D:1      | Reached XP level 1. HP: 22/22 MP: 0/0
     9 | D:1      | Found Ituw's Jewellery Shop.
    64 | D:1      | Reached XP level 2. HP: 26/29 MP: 1/1
   761 | D:2      | Reached XP level 3. HP: 35/36 MP: 2/2
  1097 | D:2      | You fall into a shaft and drop 2 floors!
  1115 | D:4      | Found a shadowy altar of Dithmenos.
  1155 | D:4      | Found a burning altar of Makhleb.
  1155 | D:4      | Found a glowing silver altar of Zin.
  1156 | D:4      | Noticed an angel
  1156 | D:4      | Noticed a blizzard demon
  1233 | D:4      | Reached XP level 4. HP: 44/44 MP: 3/3
  1233 | D:4      | Found a staircase to the Ecumenical Temple.
  1234 | D:4      | Noticed a scorpion
  1251 | D:4      | Killed a scorpion
  1259 | D:4      | Noticed Natasha
  1274 | D:3      | Reached XP level 5. HP: 16/52 MP: 4/4
  1274 | D:3      | Killed Natasha
  1880 | D:3      | Noticed Natasha
  1891 | D:3      | Killed Natasha
  2082 | D:3      | Found a faded altar of an unknown god.
  2093 | D:3      | Prayed at the altar of an unknown god.
  2093 | D:3      | Became a worshipper of Cheibriados the Contemplative
  2093 | D:3      | Reached * piety under Cheibriados
  2115 | D:3      | Found a hazy altar of Hepliaklqana.
  2176 | D:3      | Noticed Natasha
  2190 | D:3      | Killed Natasha
  2196 | D:3      | Noticed Robin
  2198 | D:3      | Noticed Grinder
  2255 | D:3      | Paralysed by Grinder for 6 turns
  2261 | D:3      | HP: 2/52 [Grinder (5)]
  2263 | D:3      | Slain by Grinder

Illustrated notes

Levels and vault maps discovered:
D:1:      dpeg_arrival_leaves_temple_mockup, layout_basic, serial_shops, shop
D:2:      wad_lake_hut, layout_rooms, serial_forest, infiniplex_forest_zigzag_1,
          infiniplex_forest_lined_2, infiniplex_forest_zigzag_1,
          infiniplex_forest_clump_cross, infiniplex_forest_end_1,
          infiniplex_forest_straight_3, infiniplex_forest_corner_1,
          infiniplex_forest_straight_2, serial_park_tiny_1, dk_noncrumbling_2,
          chequers_serial_rivers_marsh
D:3:      layout_rooms, nzn_hepliaklqana_mist_gate,
          ebering_ecumenical_altar_webs, serial_glass, glass_columns_b,
          glass_columns_a, due_unseen_surprise, feat_on_display,
          kennysheep_cluttered_room, minmay_box_of_dots, uniq_grinder,
          uniq_robin
D:4:      layout_rooms, grunt_temple_overflow_order_and_chaos_2,
          mainiacjoe_overflow_alcove_4, led_sif_book,
          minmay_temple_entry_stoned_glass, corexii_item_surrounded_by_moat,
          uniq_natasha

Skill      XL: |  1  2  3  4 |
---------------+-------------+-----
Dodging        | 3 |  3.6
Shields        | 3 |  3.3
Unarmed Combat | 3 |  3.7
Fighting       | |  2.9
Stealth        | |  0.2

Action                   |  1- 3 |  4- 6 || total
-------------------------+-------+-------++-------
Melee: Unarmed           |    99 |    93 ||   192
  Use: Scroll            |     4 |     6 ||    10
       Potion            |       |     1 ||     1
 Stab: Sleeping          |     1 |     1 ||     2
Armor: Robe              |    53 |    38 ||    91
Dodge: Dodged            |    60 |    66 ||   126
Block: Kite shield       |    50 |    76 ||   126

Table legend: (Time is in decaauts)
 A = Elapsed time spent in this place.
 B = Non-inter-level travel time spent in this place.
 C = Inter-level travel time spent in this place.
 D = Time resting spent in this place.
 E = Time spent auto-exploring this place.
 F = Levels seen in this place.
 G = Mean time per level.
                   A        B        C        D        E       F      G
               +--------+--------+--------+--------+--------+-----+--------+
         Total |   2380 |   2279 |    101 |    153 |   1416 |   4 |  595.0 |
       Dungeon |   2380 |   2279 |    101 |    153 |   1416 |   4 |  595.0 |
               +--------+--------+--------+--------+--------+-----+--------+

Top non-repeatable levels by time:
     D:2: 961 daAuts
     D:1: 686 daAuts
     D:3: 554 daAuts
     D:4: 176 daAuts
